[Event "Titled Tuesday Blitz February 21 Early 2023"]
[White "Ilinca Ilinca, Felix Antonio"]
[Black "Sailer, Mike"]
[WhiteFideId "54764998"]
[BlackFideId "2012901"]
[WhiteElo "2266"]
[BlackElo "2109"]
[Result "0-1"]
[Round "03"]
[TimeControl "180+2"]
[Date "2023.02.21"]
[WhiteClock "0:00:21"]
[BlackClock "0:00:11"]

1. e4 d5 2. exd5 Qxd5 3. Nc3 Qd6 4. d4 Nf6 5. Nf3 c6 6. Bc4 Bg4 7. h3 Bh5 8. g4 Bg6 9. Ne5 e6 10. Bf4 Qb4 11. a3 Qa5 12. Qe2 Nbd7 13. h4 Nxe5 14. dxe5 Ne4 15. Rh3 Nxc3 16. bxc3 h6 17. h5 Bh7 18. a4 O-O-O 19. Bb3 Bc5 20. Bd2 Qc7 21. f4 Rd7 22. Be3 Bxe3 23. Qxe3 Rhd8 24. Qxa7 Rd2 25. Qa8+ Qb8 26. Qxb8+ Kxb8 27. Rg3 Rh2 28. Kf1 Rdd2 29. Kg1 Be4 30. Kf1 Rh1+ 31. Rg1 Bg2+ 32. Ke1 Rxg1+ 33. Kxd2 Rxa1 34. Ke2 Be4 35. Ke3 Bd5 36. c4 Bh1 37. f5 Rg1 38. Kf4 Rf1+ 39. Ke3 exf5 40. gxf5 Rxf5 41. c5 Rxe5+ 42. Kd4 Rxh5 43. Bxf7 Rh4+ 44. Kd3 Bd5 45. Bg6 Rg4 46. Bh7 Rg3+ 47. Kd4 h5 48. c4 Bf7 49. a5 h4 50. Ke5 g6 51. Kf6 Rf3+ 52. Kg7 h3 53. a6 bxa6 0-1


[Site "https://www.chess.com"]

[Event "Titled Tuesday Blitz February 21 Early 2023"]
[White "Bongo Akanga Ndjila, Barthelemy"]
[Black "Alinasab, Mobina"]
[WhiteFideId "10609431"]
[BlackFideId "12528897"]
[WhiteElo "1824"]
[BlackElo "2347"]
[Result "0-1"]
[Round "03"]
[TimeControl "180+2"]
[Date "2023.02.21"]
[WhiteClock "0:00:10"]
[BlackClock "0:00:11"]

1. d4 Nf6 2. c4 e6 3. Nf3 b6 4. a3 Bb7 5. Nc3 d5 6. cxd5 Nxd5 7. Nxd5 Bxd5 8. Qc2 Nd7 9. e4 Bb7 10. Be2 c5 11. Be3 cxd4 12. Bxd4 Rc8 13. Qb1 Nf6 14. Bb5+ Bc6 15. Bxc6+ Rxc6 16. O-O Be7 17. Bxf6 Bxf6 18. e5 Be7 19. Rd1 Qb8 20. Qe4 Rc7 21. Qa4+ b5 22. Qg4 O-O 23. Rd2 Rfc8 24. Rad1 Rc1 25. h3 R8c4 26. Qg3 h6 27. Kh2 Rxd1 28. Rxd1 b4 29. Rd7 Rc7 30. Rxc7 Qxc7 31. axb4 Bxb4 32. Qg4 Bc5 33. Qc4 Qb6 34. b3 Bxf2 35. Qc8+ Kh7 36. Qc2+ g6 37. Qd3 Qe3 38. Qd7 Qf4+ 39. Kh1 Qc1+ 40. Kh2 Qf4+ 41. Kh1 Bg3 42. Qxa7 Kg7 43. Qg1 Qb4 44. Qd1 Qc3 45. Ng1 Bxe5 46. Nf3 Bf6 47. Ng1 e5 48. Nf3 e4 49. Ng1 Qd3 50. Qe1 e3 51. Nf3 e2 52. Kh2 Qd1 53. Kg1 Bd4+ 54. Kh2 Qxe1 55. Nxe1 Bc3 56. Nf3 e1=Q 57. Nxe1 Bxe1 58. b4 Bxb4 0-1


[Site "https://www.chess.com"]

[Event "Titled Tuesday Blitz February 21 Early 2023"]
[White "Belozerov, Andrei"]
[Black "Fernandez Siles, Luis"]
[WhiteFideId "4120213"]
[BlackFideId "2209420"]
[WhiteElo "2461"]
[BlackElo "2218"]
[Result "1-0"]
[Round "03"]
[TimeControl "180+2"]
[Date "2023.02.21"]
[WhiteClock "0:01:05"]
[BlackClock "0:01:17"]

1. e4 c5 2. Nf3 Nc6 3. Bb5 g6 4. O-O Bg7 5. Re1 Nf6 6. e5 Nd5 7. Nc3 Nc7 8. Bxc6 dxc6 9. h3 O-O 10. d3 b6 11. a4 a5 12. Bg5 f6 13. Bf4 Nd5 14. Bg3 Nxc3 15. bxc3 b5 16. Qd2 Bf5 17. Qe3 c4 18. Nd4 cxd3 19. cxd3 fxe5 20. Nxc6 Qxd3 21. Nxe7+ Kh8 22. Nxf5 Qxf5 23. axb5 a4 24. c4 a3 25. Rxa3 Rxa3 26. Qxa3 Qc2 27. c5 e4 28. c6 Bd4 29. Qxf8# 1-0


[Site "https://www.chess.com"]

[Event "Titled Tuesday Blitz February 21 Early 2023"]
[White "Ibadov, Dashgyn"]
[Black "tandercat"]
[WhiteFideId "24107514"]
[WhiteElo "2391"]
[BlackElo "1859"]
[Result "0-1"]
[Round "03"]
[TimeControl "180+2"]
[Date "2023.02.21"]
[WhiteClock "0:00:05"]
[BlackClock "0:00:09"]

1. e4 c5 2. Nf3 Nc6 3. d4 cxd4 4. Nxd4 e5 5. Nb5 d6 6. N1c3 a6 7. Na3 Be7 8. Nd5 Nf6 9. Nxf6+ Bxf6 10. Nc4 Be7 11. Be2 O-O 12. O-O Be6 13. Ne3 Nd4 14. c3 Nxe2+ 15. Qxe2 Bg5 16. Rd1 Bxe3 17. Bxe3 Qe7 18. Rd2 f5 19. exf5 Rxf5 20. c4 Rd8 21. Rad1 h6 22. Bc5 Qc7 23. Rxd6 Rxd6 24. Rxd6 Qxc5 25. Rxe6 Qd4 26. g3 Kf7 27. g4 Rg5 28. Rxh6 gxh6 29. h3 e4 30. Kg2 Qd3 31. Qe1 Qf3+ 32. Kh2 e3 33. fxe3 Re5 34. Qb4 Qf2+ 35. Kh1 Qf1+ 36. Kh2 Qe2+ 37. Kh1 Qxe3 38. Qxb7+ Re7 39. Qd5+ Qe6 40. Qf3+ Kg7 41. Qc3+ Kg8 42. Kg2 Qe2+ 43. Kg3 Qe3+ 44. Qxe3 Rxe3+ 45. Kf4 Re2 46. c5 Rxb2 47. Ke5 Rxa2 48. c6 Rc2 49. Kd6 a5 0-1


[Site "https://www.chess.com"]

[Event "Titled Tuesday Blitz February 21 Early 2023"]
[White "Orzech, Dominik"]
[Black "Kalajzic, Ivan"]
[WhiteFideId "1115065"]
[BlackFideId "14506378"]
[WhiteElo "2308"]
[BlackElo "2062"]
[Result "1-0"]
[Round "03"]
[TimeControl "180+2"]
[Date "2023.02.21"]
[WhiteClock "0:01:13"]
[BlackClock "0:00:15"]

1. Nf3 Nc6 2. c4 e5 3. Nc3 Bc5 4. g3 d6 5. Bg2 Bg4 6. h3 Bf5 7. O-O Qd7 8. Kh2 h5 9. a3 Nf6 10. Nh4 Be6 11. d3 a5 12. Rb1 Nh7 13. Nf3 Nf6 14. Bg5 Nh7 15. Bd2 Nf6 16. Nh4 Nh7 17. Ne4 a4 18. Qc1 Nd4 19. Qd1 Nb3 20. Nxc5 Nxc5 21. f4 exf4 22. gxf4 g6 23. Bc3 O-O 24. f5 Bxf5 25. Nxf5 gxf5 26. e4 f6 27. exf5 Rae8 28. Qxh5 Qf7 29. Qh4 Kh8 30. Rg1 c6 31. Bf3 Re3 32. Qf4 Qe7 33. Rg3 Nxd3 34. Qh6 Re2+ 35. Kh1 Nf2+ 36. Kg1 Qe3 37. Qg7# 1-0


[Site "https://www.chess.com"]

[Event "Titled Tuesday Blitz February 21 Early 2023"]
[White "Rios Escobar, Adan"]
[Black "Lehtosaari, Mauri"]
[WhiteFideId "3403645"]
[BlackFideId "501999"]
[WhiteElo "2234"]
[BlackElo "2176"]
[Result "0-1"]
[Round "03"]
[TimeControl "180+2"]
[Date "2023.02.21"]
[WhiteClock "0:00:12"]
[BlackClock "0:00:49"]

1. d4 d5 2. Nf3 Nf6 3. g3 c6 4. c4 Bf5 5. Nc3 e6 6. Nh4 Bg6 7. Qb3 Qb6 8. Nxg6 hxg6 9. c5 Qc7 10. e4 Nxe4 11. Nxe4 dxe4 12. Bg2 Nd7 13. Bxe4 Nf6 14. Bf3 Be7 15. Bf4 Qd7 16. Rd1 Nd5 17. Bc1 O-O 18. O-O Rfd8 19. Rfe1 Bf6 20. h4 b6 21. Qc2 bxc5 22. dxc5 Rab8 23. a3 Qb7 24. b4 a5 25. bxa5 Qb5 26. Bd2 Qb3 27. Qxb3 Rxb3 28. Bxd5 exd5 29. Bb4 Ra8 30. Rb1 Rxb1 31. Rxb1 Kf8 32. Re1 Be7 33. Kg2 Ke8 34. f4 Kd7 35. Kf3 Bd8 36. Bc3 Bxa5 37. Rc1 Bxc3 38. Rxc3 Ra4 39. g4 Ke6 40. Re3+ Kd7 41. Rc3 f6 42. Rb3 Ke6 43. Re3+ Kf7 44. Rb3 Rc4 45. Rb7+ Ke6 46. Rb3 f5 47. g5 d4 48. Rb7 Rxc5 49. Rxg7 Rc3+ 50. Ke2 Rxa3 51. Rxg6+ Kd5 52. h5 Ke4 53. Re6+ Kxf4 54. Re5 Kxe5 55. h6 Rh3 56. g6 Rxh6 57. g7 Rg6 58. g8=Q Rxg8 59. Kf3 Rg4 60. Ke2 Kd5 61. Kd3 c5 62. Ke2 Rg3 63. Kf2 Re3 64. Kf1 c4 65. Kf2 c3 66. Kf1 c2 67. Kf2 c1=Q 68. Kg2 Qd2+ 69. Kg1 Re1# 0-1


[Site "https://www.chess.com"]

[Event "Titled Tuesday Blitz February 21 Early 2023"]
[White "Jimenez Jimenez, Leandro"]
[Black "Santos Flores, Alberto"]
[WhiteFideId "6415253"]
[BlackFideId "3601234"]
[WhiteElo "2146"]
[BlackElo "2164"]
[Result "0-1"]
[Round "03"]
[TimeControl "180+2"]
[Date "2023.02.21"]
[WhiteClock "0:00:04"]
[BlackClock "0:00:56"]

1. d4 d5 2. c4 c6 3. cxd5 cxd5 4. Nc3 Nf6 5. Nf3 Nc6 6. Bf4 a6 7. Rc1 Ne4 8. e3 Bf5 9. Qb3 Nxc3 10. bxc3 Na5 11. Qd1 e6 12. Be2 Be7 13. O-O O-O 14. c4 Ba3 15. Rc3 Bb2 16. Rb3 Nxb3 17. Qxb3 dxc4 18. Qxb2 b5 19. Ne5 f6 20. Nf3 Qd7 21. Rc1 Rfc8 22. a4 Be4 23. Nd2 Bc6 24. Nb1 Qb7 25. f3 h5 26. Bd6 h4 27. h3 Qd7 28. Bc5 Re8 29. Nc3 e5 30. axb5 axb5 31. Rd1 exd4 32. Rxd4 Qf5 33. Rd6 Qxc5 34. Rd1 b4 35. Kh1 bxc3 36. Qxc3 Bb5 37. Bxc4+ Qxc4 0-1


[Site "https://www.chess.com"]

[Event "Titled Tuesday Blitz February 21 Early 2023"]
[White "Prudnykova, Olga"]
[Black "Jaskolka, Tomasz"]
[WhiteFideId "14121093"]
[BlackFideId "1170791"]
[WhiteElo "2268"]
[BlackElo "2238"]
[Result "0-1"]
[Round "03"]
[TimeControl "180+2"]
[Date "2023.02.21"]
[WhiteClock "0:00:02"]
[BlackClock "0:01:14"]

1. e4 c5 2. Nf3 e6 3. Nc3 Nc6 4. d4 cxd4 5. Nxd4 Qc7 6. Be3 a6 7. Qf3 Ne5 8. Qg3 b5 9. f4 Nc4 10. Bxc4 Qxc4 11. a3 Bb7 12. O-O-O Nf6 13. e5 Ne4 14. Nxe4 Bxe4 15. Rd2 Rc8 16. Kb1 b4 17. b3 Qc3 18. a4 Bc5 19. Rhd1 O-O 0-1


[Site "https://www.chess.com"]

[Event "Titled Tuesday Blitz February 21 Early 2023"]
[White "Yeritsyan, Hayk"]
[Black "Antonio, Jorge Carlos"]
[WhiteFideId "13307320"]
[BlackFideId "113190"]
[WhiteElo "2241"]
[BlackElo "2277"]
[Result "1/2-1/2"]
[Round "03"]
[TimeControl "180+2"]
[Date "2023.02.21"]
[WhiteClock "0:00:08"]
[BlackClock "0:00:13"]

1. d4 c5 2. e3 cxd4 3. exd4 d5 4. Bd3 Nf6 5. h3 Nc6 6. c3 a6 7. Bf4 Ne4 8. Nd2 f5 9. Ngf3 e6 10. O-O Bd6 11. Bxd6 Qxd6 12. Re1 O-O 13. Nf1 Bd7 14. N3d2 Be8 15. f3 Nf6 16. Qe2 Bf7 17. Qf2 Rae8 18. Re2 Nh5 19. g3 f4 20. g4 Nf6 21. Rae1 g5 22. Nb3 Nd7 23. h4 h6 24. Qh2 Qe7 25. Qh3 Qf6 26. Rh2 Kg7 27. hxg5 Qxg5 28. Qh4 Rh8 29. Qxg5+ hxg5 30. Rxh8 Rxh8 31. Kg2 Kf6 32. Nfd2 e5 33. dxe5+ Ndxe5 34. Be2 Nd7 35. Nc1 Re8 36. Ndb3 Nce5 37. Kf2 Rh8 38. Kg2 Bg6 39. Nd4 Nc5 40. Rh1 Rxh1 41. Kxh1 Ncd3 42. Bxd3 Bxd3 43. Kg2 Bg6 44. b3 b5 45. Kf2 Nd7 46. Ke2 Ke5 47. Kd2 Nc5 48. Ke2 Nd7 49. Nc6+ Kd6 50. Nd4 Ke5 1/2-1/2


[Site "https://www.chess.com"]

[Event "Titled Tuesday Blitz February 21 Early 2023"]
[White "Ronka, Erik"]
[Black "Liu, Casper"]
[WhiteFideId "505080"]
[BlackFideId "1454153"]
[WhiteElo "2276"]
[BlackElo "2278"]
[Result "1-0"]
[Round "03"]
[TimeControl "180+2"]
[Date "2023.02.21"]
[WhiteClock "0:00:59"]
[BlackClock "0:00:52"]

1. e4 c5 2. Nf3 d6 3. d4 cxd4 4. Nxd4 Nf6 5. Nc3 Nc6 6. Bc4 e6 7. Be3 a6 8. Qe2 Bd7 9. O-O-O b5 10. Bb3 Qa5 11. Kb1 Rc8 12. f3 Be7 13. g4 Ne5 14. g5 Ng8 15. f4 Nc4 16. Bc1 e5 17. Nf5 Bxf5 18. exf5 exf4 19. Nd5 Kf8 20. h4 Ne5 21. Bxf4 f6 22. Bc1 Bd8 23. Nf4 Bb6 24. Ne6+ Ke7 25. Nxg7 h6 26. g6 Kd8 27. Ne6+ Kd7 28. g7 Rh7 29. Nf8+ 1-0


[Site "https://www.chess.com"]

[Event "Titled Tuesday Blitz February 21 Early 2023"]
[White "Chakravarthi Reddy, M"]
[Black "Lopez Del Alamo, Antonio"]
[WhiteFideId "25009532"]
[BlackFideId "2227339"]
[WhiteElo "2279"]
[BlackElo "2280"]
[Result "1-0"]
[Round "03"]
[TimeControl "180+2"]
[Date "2023.02.21"]
[WhiteClock "0:00:22"]
[BlackClock "0:01:26"]

1. c4 Nf6 2. Nc3 g6 3. d4 Bg7 4. e4 d6 5. Nf3 O-O 6. Be2 e5 7. O-O Nc6 8. d5 Ne7 9. b4 Nh5 10. Be3 Nf4 11. Re1 Nxe2+ 12. Qxe2 h6 13. c5 f5 14. cxd6 cxd6 15. Rac1 f4 16. Bd2 a6 17. a4 g5 18. Red1 Ng6 19. b5 a5 20. b6 Bd7 21. Nb5 Bxb5 22. Qxb5 g4 23. Ne1 Rf7 24. Rc2 Bf8 25. Rdc1 Qg5 26. Rc7 Nh4 27. Rxf7 Kxf7 28. Qd7+ Be7 29. Qe6+ Ke8 30. Bxa5 g3 31. Bd2 gxf2+ 32. Kxf2 Ng6 33. Qg8+ Bf8 34. Rc7 Ne7 35. Qxg5 hxg5 36. a5 Nc8 37. Rxb7 Be7 38. h3 Bd8 39. Nd3 Ra6 40. Nb2 Nxb6 41. axb6 Rxb6 42. Rxb6 Bxb6+ 43. Kf3 Kf7 44. Kg4 Kg6 45. Nc4 Bc5 46. Ba5 1-0


[Site "https://www.chess.com"]

[Event "Titled Tuesday Blitz February 21 Early 2023"]
[White "Cunha, Lucas Aguiar"]
[Black "SicilianPanzer"]
[WhiteFideId "2125404"]
[WhiteElo "2309"]
[BlackElo "2254"]
[Result "1-0"]
[Round "03"]
[TimeControl "180+2"]
[Date "2023.02.21"]
[WhiteClock "0:00:58"]
[BlackClock "0:00:01"]

1. e4 c5 2. Nf3 e6 3. d4 cxd4 4. Nxd4 a6 5. Bd3 Bc5 6. Nb3 Ba7 7. Qg4 Qf6 8. Qe2 Nc6 9. N1d2 d6 10. Nc4 e5 11. Be3 b5 12. Nb6 Rb8 13. Nxc8 Rxc8 14. Bxa7 Nxa7 15. O-O-O Ne7 16. Kb1 O-O 17. h4 Nac6 18. g4 Nb4 19. g5 Qe6 20. h5 Nxd3 21. cxd3 d5 22. Qe3 d4 23. Qd2 f5 24. gxf6 Rxf6 25. Rdg1 Rcf8 26. Rg2 Qf7 27. Rhg1 g6 28. Qg5 Rxf2 29. Rxf2 Qxf2 30. Nc5 Rf7 31. a3 h6 32. Qg4 g5 33. Rc1 Qf3 34. Qe6 Qxh5 35. Nd7 Qg6 36. Qb3 h5 37. Nxe5 Qg7 38. Nxf7 Qxf7 39. Qb4 h4 40. Qxd4 h3 41. Qe5 g4 42. Rg1 1-0


[Site "https://www.chess.com"]

[Event "Titled Tuesday Blitz February 21 Early 2023"]
[White "Clawitter, Craig"]
[Black "Aarav Dengla"]
[WhiteFideId "2023105"]
[BlackFideId "45059756"]
[WhiteElo "2050"]
[BlackElo "2343"]
[Result "0-1"]
[Round "03"]
[TimeControl "180+2"]
[Date "2023.02.21"]
[WhiteClock "0:00:06"]
[BlackClock "0:00:06"]

1. e4 c5 2. Nf3 d6 3. d4 cxd4 4. Nxd4 Nf6 5. Nc3 a6 6. Be3 e5 7. Nb3 Be7 8. f3 Be6 9. Qd2 O-O 10. O-O-O Nbd7 11. g4 b5 12. Rg1 b4 13. Nd5 Bxd5 14. exd5 a5 15. g5 Nh5 16. Kb1 a4 17. Nc1 Qa5 18. Rg4 Rfb8 19. Nd3 Qxd5 20. Rxb4 Qc6 21. Bg2 d5 22. f4 Bxb4 23. Nxb4 Qb5 24. a3 d4 25. Bxa8 Rxa8 26. fxe5 dxe3 27. Qxd7 Qxd7 28. Rxd7 e2 29. Nd3 Nf4 30. Ne1 h6 31. h4 Re8 32. Rd4 Ng6 33. Re4 Rxe5 34. Rxe5 Nxe5 35. gxh6 gxh6 36. Kc1 Kg7 37. b3 Kg6 38. bxa4 Nc4 39. a5 Nxa5 40. Kd2 Nc4+ 41. Kxe2 Nxa3 42. Kf3 Kh5 43. Kg3 f6 44. Nf3 Nxc2 45. Kf4 Ne1 46. Nxe1 Kxh4 47. Kf5 Kg3 48. Kxf6 h5 0-1


[Site "https://www.chess.com"]

[Event "Titled Tuesday Blitz February 21 Early 2023"]
[White "Ziatdinov, Raset"]
[Black "Mendez Machado, Andre"]
[WhiteFideId "2015323"]
[BlackFideId "6603793"]
[WhiteElo "2101"]
[BlackElo "1974"]
[Result "0-1"]
[Round "03"]
[TimeControl "180+2"]
[Date "2023.02.21"]
[WhiteClock "0:01:40"]
[BlackClock "0:00:50"]

1. e4 e5 2. Nf3 Nc6 3. Bb5 a6 4. Ba4 Nf6 5. O-O b5 6. Bb3 Bc5 7. c3 d6 8. d4 Bb6 9. h3 O-O 10. Re1 h6 11. a4 Bb7 12. Na3 exd4 13. cxd4 Nb4 14. Nc2 a5 15. Nxb4 axb4 16. e5 dxe5 17. dxe5 Qxd1 18. Bxd1 Ne4 19. Bc2 Bxf2+ 20. Kf1 Bxe1 21. Kxe1 bxa4 22. Rxa4 Rxa4 23. Bxa4 Nc5 24. Bc2 b3 25. Bb1 Ra8 26. Be3 Ra1 27. Nd2 Ne4 0-1


[Site "https://www.chess.com"]

[Event "Titled Tuesday Blitz February 21 Early 2023"]
[White "Shubenkova, Veronika"]
[Black "Suduvasachmatai"]
[WhiteFideId "44124040"]
[WhiteElo "1960"]
[BlackElo "2100"]
[Result "1-0"]
[Round "03"]
[TimeControl "180+2"]
[Date "2023.02.21"]
[WhiteClock "0:02:12"]
[BlackClock "0:01:20"]

1. e4 c5 2. Nc3 d6 3. g3 Nc6 4. Bg2 Nf6 5. d3 e6 6. f4 Be7 7. Nf3 O-O 8. O-O d5 9. e5 Nd7 10. Bd2 Nb6 11. Rb1 c4 12. d4 Bd7 13. Be3 Rc8 14. Ne2 Nb4 15. a3 Nc6 16. c3 Na5 17. g4 Nb3 18. Ng3 Ba4 19. Qe2 f5 20. exf6 Bxf6 21. g5 Be7 22. Bh3 Bd7 23. Rbe1 Re8 24. Ne5 Bd6 25. Bf2 Bxe5 26. dxe5 Nc5 27. Bxc5 Rxc5 28. Qf2 Rb5 29. Rd1 Qc7 30. Kh1 Bc6 31. Rd4 Na4 32. f5 Rxb2 33. Qf4 Nc5 34. fxe6 Qd8 35. Qf7+ Kh8 36. e7 Qb8 37. Qf8+ Rxf8 38. Rxf8+ Qxf8 39. exf8=Q# 1-0


[Site "https://www.chess.com"]

[Event "Titled Tuesday Blitz February 21 Early 2023"]
[White "Bashirli, Saadat"]
[Black "Lerch, Philipp"]
[WhiteFideId "13429990"]
[BlackFideId "4654129"]
[WhiteElo "1571"]
[BlackElo "2305"]
[Result "0-1"]
[Round "03"]
[TimeControl "180+2"]
[Date "2023.02.21"]
[WhiteClock "0:00:10"]
[BlackClock "0:00:06"]

1. e4 c6 2. d4 d5 3. exd5 cxd5 4. Bd3 Nc6 5. c3 Qc7 6. Ne2 Bg4 7. O-O e6 8. Nd2 Bd6 9. h3 Bh5 10. Qa4 Ne7 11. Re1 Bg6 12. Bxg6 hxg6 13. Nf3 f6 14. Bd2 g5 15. Nc1 Kf7 16. Nd3 a6 17. Qc2 b5 18. Bxg5 Nf5 19. Be3 Rag8 20. Re2 g5 21. Rae1 g4 22. hxg4 Rxg4 23. Bd2 Rhg8 24. Rxe6 Rxg2+ 25. Kf1 Nh4 26. Rxf6+ Kxf6 27. Nxh4 Rg1+ 28. Ke2 Nxd4+ 29. cxd4 Qxc2 30. Rxg1 Rxg1 31. Nf3 Qd1+ 32. Ke3 Rg4 33. Nde5 Re4+ 34. Kd3 Qb1+ 35. Kc3 b4+ 36. Kb3 Qd1# 0-1


[Site "https://www.chess.com"]

[Event "Titled Tuesday Blitz February 21 Early 2023"]
[White "Delorme, Alban"]
[Black "Topalov, Aleksandar"]
[WhiteFideId "623636"]
[BlackFideId "925659"]
[WhiteElo "2298"]
[BlackElo "2233"]
[Result "1-0"]
[Round "03"]
[TimeControl "180+2"]
[Date "2023.02.21"]
[WhiteClock "0:00:09"]
[BlackClock "0:00:07"]

1. e4 e6 2. d4 d5 3. Nc3 Bb4 4. e5 Qd7 5. h4 h5 6. Nf3 b6 7. Bd2 Ba6 8. Bxa6 Nxa6 9. Qe2 Nb8 10. a3 Be7 11. g3 c5 12. O-O Nc6 13. Be3 a6 14. Rfd1 Nh6 15. Bg5 Nf5 16. Bxe7 Ncxe7 17. Kh2 Qc6 18. Qd3 g6 19. Ne2 c4 20. Qd2 a5 21. Nf4 Rc8 22. Rac1 c3 23. bxc3 Qxc3 24. Qxc3 Rxc3 25. Rd3 Rc6 26. Rb1 Kd7 27. c3 Rhc8 28. Ng5 Nh6 29. Rb3 R8c7 30. Ne2 Kc8 31. Nh7 Kb7 32. Nf6 Nc8 33. Rd2 Ka7 34. Rdb2 Nf5 35. Kg2 Nfe7 36. Ne8 Rd7 37. Nf6 Rd8 38. Nh7 Ng8 39. Ng5 Nh6 40. Nf4 Rd7 41. Ne2 Rb7 42. Nh3 Ka6 43. Nhf4 b5 44. Nc1 Na7 45. Ncd3 Rc4 46. Nc5+ Rxc5 47. dxc5 Rc7 48. Ne2 Rxc5 49. Nd4 Nf5 50. a4 Nxd4 51. cxd4 Rc4 52. axb5+ Kb6 53. Rd2 a4 54. Ra3 Nxb5 55. Rad3 Ka5 56. Rf3 Rc7 57. Ra2 a3 58. Rfxa3+ Nxa3 59. Rxa3+ Kb4 60. Ra1 Kc3 61. Rc1+ Kxd4 62. Rxc7 Kxe5 63. Rxf7 1-0


[Site "https://www.chess.com"]

[Event "Titled Tuesday Blitz February 21 Early 2023"]
[White "Shtompel, Yuriy"]
[Black "Michalski, Olaf"]
[WhiteFideId "14168278"]
[BlackFideId "1106740"]
[WhiteElo "1938"]
[BlackElo "2273"]
[Result "0-1"]
[Round "03"]
[TimeControl "180+2"]
[Date "2023.02.21"]
[WhiteClock "0:02:42"]
[BlackClock "0:02:37"]

1. e4 c5 2. Nf3 a6 3. c4 Nc6 4. Nc3 e5 5. g3 d6 6. Bg2 g6 7. O-O Bg7 8. d3 Nge7 9. h3 O-O 10. Bf4 exf4 0-1


[Site "https://www.chess.com"]

[Event "Titled Tuesday Blitz February 21 Early 2023"]
[White "Smith, Garrett L"]
[Black "Tarigan, Gilbert Elroy"]
[WhiteFideId "2024829"]
[BlackFideId "7108133"]
[WhiteElo "2047"]
[BlackElo "2384"]
[Result "0-1"]
[Round "03"]
[TimeControl "180+2"]
[Date "2023.02.21"]
[WhiteClock "0:00:29"]
[BlackClock "0:00:57"]

1. e4 c5 2. a3 Nf6 3. e5 Nd5 4. Bc4 Nb6 5. Ba2 Nc6 6. Nf3 e6 7. O-O d6 8. exd6 Bxd6 9. Nc3 O-O 10. Ne4 Be7 11. d3 Nd5 12. Re1 b6 13. Ng3 Bb7 14. Bd2 Bf6 15. c3 g6 16. Qe2 Bg7 17. Rad1 Qc7 18. Bg5 h6 19. Bc1 Rad8 20. Ne4 Kh7 21. g3 Nce7 22. Bb1 Qc6 23. d4 cxd4 24. Nxd4 Qc8 25. Nb5 Qb8 26. c4 Nf6 27. Nxf6+ Bxf6 28. Bf4 Qa8 29. Nd6 Bf3 30. Qe3 Bxd1 31. Rxd1 Bg7 32. Re1 Nf5 33. Nxf5 exf5 34. b4 Rfe8 35. Qc1 Rxe1+ 36. Qxe1 Qf3 37. Bc2 Qxa3 38. Qe7 Qa1+ 39. Kg2 Qf6 40. Qxa7 Qc6+ 41. Kh3 Qxc4 0-1


[Site "https://www.chess.com"]

[Event "Titled Tuesday Blitz February 21 Early 2023"]
[White "Ashraf, Artin"]
[Black "Gerbelli Neto, Eduardo"]
[WhiteFideId "22514805"]
[BlackFideId "2103281"]
[WhiteElo "2314"]
[BlackElo "2114"]
[Result "0-1"]
[Round "03"]
[TimeControl "180+2"]
[Date "2023.02.21"]
[WhiteClock "0:00:05"]
[BlackClock "0:01:49"]

1. Nf3 Nf6 2. g3 d5 3. Bg2 g6 4. O-O Bg7 5. c4 O-O 6. cxd5 Nxd5 7. Nc3 Nxc3 8. bxc3 c5 9. Rb1 Nc6 10. Qa4 Qc7 11. Ba3 Bd7 12. Qc2 b6 13. Rfd1 Rad8 14. d4 Na5 15. Nd2 Rfe8 16. dxc5 bxc5 17. Ne4 Bf5 18. h3 Nc4 0-1


[Site "https://www.chess.com"]

[Event "Titled Tuesday Blitz February 21 Early 2023"]
[White "Orlov, Georgi"]
[Black "Tsyhanchuk, Stanislav"]
[WhiteFideId "2011271"]
[BlackFideId "13505130"]
[WhiteElo "2453"]
[BlackElo "2273"]
[Result "1-0"]
[Round "03"]
[TimeControl "180+2"]
[Date "2023.02.21"]
[WhiteClock "0:01:00"]
[BlackClock "0:00:01"]

1. e4 c5 2. Nf3 d6 3. d4 cxd4 4. Nxd4 Nf6 5. Nc3 a6 6. h3 e5 7. Nb3 Be7 8. g4 Be6 9. Bg2 b5 10. g5 Nfd7 11. h4 Nc6 12. Be3 Nb6 13. Nd5 Bxd5 14. exd5 Nb8 15. Na5 N8d7 16. Nc6 Qc7 17. b3 Bd8 18. Qg4 Nb8 19. O-O-O Nxc6 20. dxc6 O-O 21. h5 d5 22. Bxb6 Qxb6 23. Bxd5 Be7 24. g6 Ba3+ 25. Kb1 Qc5 26. h6 gxh6 27. Bxf7+ Kg7 28. Rd7 Rxf7 29. Rxf7+ Kh8 30. Qe6 1-0


[Site "https://www.chess.com"]

[Event "Titled Tuesday Blitz February 21 Early 2023"]
[White "Hirneise, Jens"]
[Black "Kotepalli, Sai Nirupama"]
[WhiteFideId "24614734"]
[BlackFideId "5039444"]
[WhiteElo "2277"]
[BlackElo "1910"]
[Result "1-0"]
[Round "03"]
[TimeControl "180+2"]
[Date "2023.02.21"]
[WhiteClock "0:00:14"]
[BlackClock "0:00:04"]

1. d4 d5 2. c4 c6 3. cxd5 cxd5 4. Bf4 Nc6 5. e3 Qb6 6. Nc3 Qxb2 7. Nxd5 e6 8. Nc7+ Kd8 9. Be2 Bb4+ 10. Kf1 e5 11. dxe5+ Kxc7 12. e6+ Kb6 13. exf7 Nf6 14. a3 Rd8 15. Qb1 Qxb1+ 16. Rxb1 Bf5 17. Rb2 Rd2 18. Rxd2 Bxd2 19. Nf3 Bc1 20. h3 Bxa3 21. g4 Be4 22. Kg2 Nd5 23. Kg3 Rf8 24. Ra1 Bc5 25. Ng5 Bg6 26. Bc4 Nxf4 27. exf4 Bd4 28. Ra3 Bc5 29. Rb3+ Bb4 30. f5 h6 31. Ne6 Rxf7 32. fxg6 Rf6 33. f4 a5 34. f5 a4 35. Rb1 a3 36. Nxg7 Kc5 37. Ne8 Rf8 38. Bf7 a2 39. Ra1 Ne5 40. Rxa2 Nxf7 41. gxf7 Rxf7 42. Rc2+ Kb5 43. Nc7+ Ka4 44. Ne6 Kb3 45. Re2 b5 46. h4 Bd6+ 47. Kf3 Kc3 48. Ke4 b4 49. Kd5 Bg3 50. Re3+ Kc2 51. Rxg3 b3 52. Ke5 b2 53. Rg2+ Kc1 54. Rxb2 Kxb2 55. g5 hxg5 56. hxg5 Kc3 57. g6 Re7 58. g7 Rxg7 59. Nxg7 Kc4 60. f6 1-0


[Site "https://www.chess.com"]

[Event "Titled Tuesday Blitz February 21 Early 2023"]
[White "Fries-Nielsen, Jens Ove"]
[Black "Alhadad, Mahmoud"]
[WhiteFideId "1400142"]
[BlackFideId "11501863"]
[WhiteElo "2377"]
[BlackElo "1840"]
[Result "0-1"]
[Round "03"]
[TimeControl "180+2"]
[Date "2023.02.21"]
[WhiteClock "0:01:20"]
[BlackClock "0:00:09"]

1. e4 d5 2. exd5 Nf6 3. Nc3 Nxd5 4. Bc4 Nb6 5. Bb3 c5 6. d3 Nc6 7. Nf3 Bf5 8. a3 e6 9. O-O Be7 10. Re1 O-O 11. Qe2 Rc8 12. Ba2 Nd4 13. Nxd4 cxd4 14. Ne4 Qc7 15. Bb3 a5 16. a4 Rfd8 17. Bd2 Nd5 18. Ng3 Bg6 19. Qg4 Nb4 20. Bxb4 Bxb4 21. Re2 Kh8 22. h4 h6 23. Bxe6 fxe6 24. Qxg6 e5 25. Nf5 Rf8 26. Rxe5 Qxe5 27. g4 Qf6 28. Qh5 Kg8 29. Rf1 Rce8 30. Ng3 Re5 31. g5 hxg5 32. hxg5 Rxg5 33. Qe2 Bd6 0-1


[Site "https://www.chess.com"]

[Event "Titled Tuesday Blitz February 21 Early 2023"]
[White "Da Silva Borges, Rodrigo"]
[Black "Leenhouts, Koen"]
[WhiteFideId "2115778"]
[BlackFideId "1008439"]
[WhiteElo "2199"]
[BlackElo "2447"]
[Result "0-1"]
[Round "03"]
[TimeControl "180+2"]
[Date "2023.02.21"]
[WhiteClock "0:01:04"]
[BlackClock "0:00:30"]

1. e4 e5 2. Nf3 d6 3. d4 exd4 4. Nxd4 Nf6 5. Nc3 Be7 6. Bf4 O-O 7. Qd2 Nc6 8. O-O-O Nxd4 9. Qxd4 Be6 10. f3 a6 11. g4 b5 12. h4 c5 13. Qd2 b4 14. Nd5 Nxd5 15. exd5 Bd7 16. h5 Bb5 17. g5 Bxf1 18. Rdxf1 Re8 19. g6 h6 20. Bxh6 gxh6 21. gxf7+ Kxf7 22. Rhg1 Rg8 23. Kb1 Bg5 24. f4 Bf6 25. Qd3 Qf8 26. Rg6 Re8 27. Rfg1 Rxg6 28. Qxg6+ Ke7 29. a4 Kd7 30. Qf5+ Kc7 31. Rg6 Bd4 32. Qd3 Qxf4 33. Qxa6 Re1+ 34. Ka2 Ra1+ 35. Kb3 Qf3+ 36. Qd3 Qxd5+ 37. c4 bxc3+ 38. Kc2 cxb2 39. Rg7+ Bxg7 40. Qxd5 b1=Q+ 0-1


[Site "https://www.chess.com"]